[Event "*** Titled Tuesday Blitz"]
[Site "Chess.com"]
[Date "2021.02.02"]
[Round "5"]
[White "ShahMatKanal"]
[Black "VitaliyBernadskiy"]
[Result "0-1"]
[WhiteElo "2483"]
[BlackElo "2727"]
[TimeControl "180+1"]
[EndTime "11:00:09 PST"]
[Termination "VitaliyBernadskiy won by resignation"]

1. d4 Nf6 2. Nf3 g6 3. c4 Bg7 4. Nc3 O-O 5. e4 d6 6. Be2 e5 7. d5 Nbd7 8. O-O Nc5 9. Qc2 a5 10.
Bg5 h6 11. Be3 Nh7 12. Nd2 f5 13. exf5 gxf5 14. f4 e4 15. Nb3 Qe7 16. Rad1 Bd7 17. Nxc5 dxc5 18. d6 cxd6 19. Nd5 Qd8 20. Rd2 Rf7 21. Bh5 Rf8 22. Rfd1 Be6 23. Nb6 Qxb6 24. Rxd6 Qxb2 25. Qxb2 Bxb2 26. Rxe6 Rac8 27. Rg6+ Kh8 28. Rxh6 Rf6 29. Rxf6 Nxf6 30. Bg6 Ng4 31. Rb1 Nxe3 32. Rxb2 Rg8 33. Bf7 Rg7 34. Be6 Re7 35. Bc8 Nxc4 36.
Rxb7 Rxb7 37. Bxb7 Nd6 38. Bd5 c4 39. Kf2 c3 40. Ke2 Nb5 41. Bc4 Nd4+ 42. Ke3 c2 43. Kd2 e3+ 44. Kc1 Kg7 45. g3 Kf6 46. Bd3 a4 47. Bxc2 e2 48. Kd2 Nxc2 49. Kxe2 Nb4 50. a3 Nc2 51. Kd2 Nxa3 52. Kc3 Nb5+ 53. Kb4 a3 54. Kb3 Ke6 55. h3 Kd5 56. g4 Ke4 57. gxf5 Kxf5 58. h4 Kxf4 59. h5 Kg5 60. h6 Kxh6 61.
Ka2 Kg5 62. Kb3 Kf5 63. Kc2 Ke4 64. Kb3 Kd4 65. Ka2 Kc4 66. Ka1 Kb3 67. Kb1 Nd4 68. Ka1 Nc2+ 69. Kb1 a2+ 0-1

[Event "*** Titled Tuesday Blitz"]
[Site "Chess.com"]
[Date "2021.02.02"]
[Round "5"]
[White "Supernotar"]
[Black "dennisodessa"]
[Result "1/2-1/2"]
[WhiteElo "2770"]
[BlackElo "2468"]
[TimeControl "180+1"]
[EndTime "11:00:09 PST"]
[Termination "Game drawn by repetition"]

1. d4 Nf6 2. c4 e6 3. Nf3 Bb4+ 4. Nbd2 b6 5. g3 Bb7 6. Bg2 O-O 7. O-O d6 8. a3 Bxd2 9. Qxd2 Nbd7 10. b4 a5 11. Bb2 Qe7 12. Ne1 Bxg2 13. Nxg2 e5 14. Ne3 Qe6 15. Kg2 exd4 16. Qxd4 Rfe8 17. Rfd1 Qe4+ 18. Qxe4 Rxe4 19. Bc3 Ne5 20. Bd4 axb4 21. axb4 Rxa1 22. Rxa1 h5 23. Bxe5 Rxe5 24. Ra7 Re7 25. Kf3 g6 26. h3 Kg7 27. g4 hxg4+ 28. hxg4 Ne4 29. b5 Nd2+ 30. Kg3 Ne4+ 31. Kg2 Nd2 32. Rb7 Kh6 33. Kg3 Ne4+ 34. Kf3 Nd2+ 35. Kg2 Kg7 36.
Rb8 Re4 37. Rc8 Nxc4 38. Kf3 Rd4 39. Rxc7 Nxe3 40. Kxe3 Rd5 41. Rc6 Rxb5 42. Rxd6 Rb4 43. g5 Kf8 44. Rd7 Ke8 45. Rb7 Kf8 46. f4 Kg7 47.
Kf3 Kf8 48. e3 Kg7 49. Rb8 Kh7 50. Kg4 Kg7 51. Kf3 Kh7 52. e4 Kg7 53. f5 gxf5 54. exf5 Rb3+ 55. Kf4 Rb1 56. Rb7 Rf1+ 57. Ke4 Re1+ 58.
Kf4 Rf1+ 59. Ke5 Re1+ 60. Kd5 Rf1 61. Ke4 Re1+ 62. Kf4 Rf1+ 1/2-1/2

[Event "*** Titled Tuesday Blitz"]
[Site "Chess.com"]
[Date "2021.02.02"]
[Round "5"]
[White "c_r_e_e_p_e_r"]
[Black "DiogenesSinopeus"]
[Result "1/2-1/2"]
[WhiteElo "2370"]
[BlackElo "2510"]
[TimeControl "180+1"]
[EndTime "11:00:09 PST"]
[Termination "Game drawn by repetition"]

1. e4 e5 2. Nc3 Nc6 3. f4 Bc5 4. Nf3 d6 5. Bc4 Nf6 6. d3 Bg4 7. h3 Bxf3 8. Qxf3 exf4 9. Bxf4 Nd4 10. Qd1 c6 11. Bb3 d5 12. e5 Nd7 13. Qg4 Ne6 14.
O-O-O a5 15. a4 Qb6 16. Kb1 O-O-O 17. Ne2 Kb8 18. d4 Be7 19. Bd2 Ka8 20. Bc3 Qa6 21. Nf4 Ng5 22. Rhe1 Nf8 23. h4 Nge6 24. Nd3 h5 25. Qf3 Bxh4 26. g3 Ng5 27. Qf4 Nfe6 28. Qxh4 Nf3 29. Qe7 Nxe1 30. Rxe1 g5 31. Qxf7 Rde8 32.
Nc5 Nxc5 33. dxc5 h4 34. gxh4 gxh4 35. e6 Rhf8 36. Qh5 Ka7 37. e7 Rg8 38. Qxh4 Rg6 39. Bd4 Rgg8 40. Qf4 Ka8 41. Qd6 Qa7 42. Bxd5 cxd5 43.
Qxd5 Qb8 44. Be5 Qc8 45. Bd6 Qc6 46. Qe6 Ka7 47. b3 Ka8 48. Rf1 Qg2 49. Rf8 Rgxf8 50.
exf8=Q Rxf8 51. Bxf8 Qf1+ 52. Kb2 Qxf8 53. Qd6 Qc8 54.
Qb6 Qh8+ 55. Ka2 Qc8 56. Qxa5+ Kb8 57. Qb6 Qf5 58. c6 Qxc2+ 59. Ka3 Qc1+ 60. Kb4 Qd2+ 61.
Kb5 Qd3+ 62. Kb4 Qd2+ 63. Kc4 Qe2+ 64. Kd5 Qf3+ 65. Kd6 Qf4+ 66. Kd5 Qf3+ 67. Kc4 Qe2+ 68. Kb4 Qd2+ 1/2-1/2

[Event "*** Titled Tuesday Blitz"]
[Site "Chess.com"]
[Date "2021.02.02"]
[Round "5"]
[White "hansen"]
[Black "Dedic8"]
[Result "1-0"]
[WhiteElo "2913"]
[BlackElo "2820"]
[TimeControl "180+1"]
[EndTime "11:00:13 PST"]
[Termination "hansen won by resignation"]

1. e4 e5 2. Nf3 Nc6 3. Bb5 a6 4. Ba4 Nf6 5. O-O Be7 6. Re1 b5 7.
Bb3 O-O 8. h3 Bb7 9. d3 d5 10.
exd5 Nxd5 11. a4 Nd4 12. Nxd4 exd4 13. Nd2 c5 14. Qg4 Qc7 15. Nf3 c4 16. Ba2 Bf6 17.
Bg5 Bxg5 18. Qxg5 Nb4 19. Nxd4 Nxa2 20. Rxa2 cxd3 21. cxd3 b4 22. Raa1 Rad8 23. Rac1 Qb6 24. Nf5 g6 25. Nh6+ Kg7 26. Re7 Bd5 27. Ng4 h5 28.
Qe5+ Kh7 29. Nf6+ Kh6 30. Nxd5 Qd6 31. Qxd6 Rxd6 32. Nxb4 Rb8 33. Rc4 a5 34. Nc6 Rxb2 35. Rxf7 Rxd3 36. Ne5 Rd1+ 37. Kh2 Rd5 38. Re4 Kg5 39. h4+ Kh6 40. Rf8 Kg7 41. Rf7+ Kh6 42.
Rf6 Kh7 43. Nf3 Rb7 44. Ng5+ Kg7 45. Ree6 Rf5 46. Rxg6+ Kf8 47. Rgf6+ Rxf6 48. Rxf6+ Kg7 49. Ra6 Rb4 50. Rxa5 Rxh4+ 51. Kg1 Rb4 52. Nf3 Rb1+ 53. Kh2 Kh6 54. Ra6+ Kh7 55. Rd6 Ra1 56. Rd4 Kg6 57. Kg3 Ra2 58. Ne5+ Kf5 59. Nf3 Kg6 60. Rb4 Kf5 61.
Nd4+ Kg6 62. f3 Kg5 63. Rb5+ Kg6 64. a5 Kh6 65. Ne6 Ra4 66. Nf4 h4+ 67. Kg4 Ra2 1-0

[Event "*** Titled Tuesday Blitz"]
[Site "Chess.com"]
[Date "2021.02.02"]
[Round "5"]
[White "Kovalchuk94"]
[Black "dropstoneDP"]
[Result "1/2-1/2"]
[WhiteElo "2644"]
[BlackElo "2945"]
[TimeControl "180+1"]
[EndTime "11:00:14 PST"]
[Termination "Game drawn by repetition"]

1. e4 c5 2. Nf3 d6 3. d4 cxd4 4. Nxd4 Nf6 5. Nc3 Bd7 6. g3 Nc6 7. Bg2 Nxd4 8. Qxd4 Bc6 9. O-O g6 10. Nd5 Bg7 11. Bg5 O-O 12. Bxf6 exf6 13. Qd3 Re8 14.
c3 Rc8 15. Rfe1 Qa5 16. a3 Bxd5 17. exd5 f5 18. Bf3 Bf6 19. h4 f4 20. Bg4 Rcd8 21.
Kg2 fxg3 22. fxg3 h5 23. Bf3 Qc5 24. Qd2 Qb5 25. Rad1 Kg7 26. Re2 Rxe2+ 27. Qxe2 Qb3 28. Rd2 Be5 29. Qd1 Qc4 30. Qe2 Qc7 31. Qd3 f5 32. c4 a5 33. b4 axb4 34. axb4 Qb6 35. Qb3 Rc8 36. Rd3 Kf6 37. Rd2 Kg7 38. Rd3 Kf6 39.
Rd2 Ra8 40. Ra2 Rxa2+ 41. Qxa2 Qxb4 42. Qe2 Qc3 43. Kh2 b6 44. Kg2 Kf7 45. Kh2 Kg7 46. Kg2 Kf6 47. Kh2 Kf7 48. Kg2 Qd4 49. Kh3 Qg1 50.
Qg2 Qe1 51. Be2 Kf6 52. Qf3 Qg1 53. Qg2 Qe1 54. Qf3 Bxg3 55. Qxg3 Qxe2 56. Qxd6+ Kf7 57. Qc7+ Kg8 58. Qb8+ Kf7 59. Qc7+ Kf8 60. Qb8+ Ke7 61. Qc7+ Ke8 62. Qb8+ Kd7 63. Qb7+ Ke8 64. Qc8+ Kf7 65. Qc7+ 1/2-1/2

[Event "*** Titled Tuesday Blitz"]
[Site "Chess.com"]
[Date "2021.02.02"]
[Round "5"]
[White "Twitch_ElhamBlitz05"]
[Black "esapunov"]
[Result "0-1"]
[WhiteElo "2834"]
[BlackElo "2619"]
[TimeControl "180+1"]
[EndTime "11:00:16 PST"]
[Termination "esapunov won by resignation"]

1. e4 c5 2. Nf3 d6 3. d4 cxd4 4. Nxd4 Nf6 5. Nc3 Nc6 6. Bc4 e6 7. Bb3 Be7 8. Be3 O-O 9. Qe2 a6 10. O-O-O Qc7 11. g4 Nd7 12. Nf5 Nc5 13. Rhg1 b5 14.
f4 b4 15. Nd5 Nxb3+ 16. axb3 exd5 17. exd5 Bxf5 18. gxf5 Na5 19. Kb1 Bf6 20. Bd4 Rfe8 21. Bxf6 Rxe2 22. Rxg7+ Kf8 23. Rc1 Rxh2 24. Ka2 Rh6 25. Bd4 Re8 26. f6 Re4 27. Rcg1 Ke8 28. Rg8+ Kd7 29. R1g7 Re7 30. fxe7 Kxe7 31. Rg2 Nb7 32.
Re2+ Kd7 33. Rge8 Qd8 34. Rxd8+ Kxd8 35. Rg2 Nc5 36. Rg8+ Ke7 37. Ra8 Rh4 38. Ra7+ Ke8 39. Ra8+ Ke7 40. Ra7+ Ke8 41. Be3 Rh3 42. Bxc5 dxc5 43.
Rxa6 Rh5 44. d6 Rd5 45. c3 h5 46. cxb4 cxb4 47. Ra8+ Kd7 48. Rh8 Kxd6 49. Kb1 Ke7 50. Rh6 Kf8 51. Kc2 Kg7 52. Ra6 h4 53. Ra1 Rh5 54. Rg1+ Kf6 55. Kd3 h3 56. Ke4 h2 57.
Rh1 Rh3 58. f5 Kg5 59. Ke5 Kg4 60. Kf6 Kf4 61. Rf1+ Ke4 62. Kxf7 h1=Q 63. Rxh1 Rxh1 64. f6 Rf1 65. Ke6 Kd3 66. Kd5 Kc2 67. Kc4 Rf4+ 68. Kb5 Kxb3 69. f7 Rxf7 0-1

[Event "*** Titled Tuesday Blitz"]
[Site "Chess.com"]
[Date "2021.02.02"]
[Round "5"]
[White "OhanyanEminChess"]
[Black "ural58"]
[Result "1/2-1/2"]
[WhiteElo "2642"]
[BlackElo "2477"]
[TimeControl "180+1"]
[EndTime "11:00:16 PST"]
[Termination "Game drawn by repetition"]

1. e4 d5 2. exd5 Qxd5 3. Nf3 Bg4 4. Be2 Nc6 5. h3 Bxf3 6. Bxf3 Qe6+ 7. Qe2 Qxe2+ 8.
Bxe2 O-O-O 9. d3 g6 10. Nd2 Bg7 11. c3 e5 12. Nf3 h6 13. Be3 Nge7 14. O-O-O Nf5 15.
Bc5 b6 16. Ba3 Rhe8 17. Rhe1 a5 18. Nd2 Na7 19. Nc4 Nb5 20. Bf3 Nxa3 21. Nxa3 Nd6 22.
Bc6 Re7 23. Kc2 f5 24. Nb5 Nxb5 25. Bxb5 Kb7 26. a4 c6 27. Bc4 h5 28. Re2 Kc7 29. Rde1 Red7 30. f3 Bf6 31. Rxe5 Bxe5 32. Rxe5 Rd6 33. d4 Kd7 34. f4 Re8 35. h4 Re7 36. Kd3 Rf6 37. Ke3 Rf8 38. Kf3 Rb8 39. Bd3 Kd6 40.
Ke3 c5 41. Bb5 cxd4+ 42. cxd4 Rc8 43. Kd2 Rxe5 44. fxe5+ Kd5 45. Ke3 Rc2 46. g3 Rxb2 47. Be8 Rb3+ 48. Kf4 Kxd4 49. Bxg6 Re3 50. Bxh5 Rxe5 51.
Bf7 Re7 52. Bg6 b5 53. axb5 a4 54. Bxf5 a3 55. Bb1 Re1 56. Ba2 Re2 57. Bg8 a2 58. Bxa2 Rxa2 59. h5 Kd5 60. Kf5 Kd6 61. Kf6 Rg2 62.
h6 Rxg3 63. h7 Rh3 64. Kg7 Rg3+ 65. Kf7 Rh3 66. Kg7 Rg3+ 67. Kf7 Rh3 68. Kg7 1/2-1/2

[Event "*** Titled Tuesday Blitz"]
[Site "Chess.com"]
[Date "2021.02.02"]
[Round "5"]
[White "MaxLeto"]
[Black "MoreChessJulia"]
[Result "0-1"]
[WhiteElo "2324"]
[BlackElo "2166"]
[TimeControl "180+1"]
[EndTime "11:00:16 PST"]
[Termination "MoreChessJulia won by checkmate"]

1. g4 g6 2. Bg2 h5 3. gxh5 Rxh5 4. d4 d6 5. Nc3 c6 6. e4 Nd7 7. Nge2 e5 8. Be3 Ngf6 9. Ng3 Rh7 10. Qe2 b5 11. f4 b4 12. Nd1 Qa5 13. Nf2 Ba6 14.
Nd3 b3+ 15. Bd2 Qb6 16. dxe5 dxe5 17. axb3 exf4 18. Bxf4 O-O-O 19. O-O-O Nc5 20. Be3 Bxd3 21. cxd3 Qxb3 22. Bxc5 Bxc5 23. Qc2 Be3+ 24. Kb1 Qxc2+ 25.
Kxc2 Rdh8 26. h3 Bd4 27. Ne2 Be5 28. d4 Bc7 29. Ra1 Bb6 30. Kd3 Rd8 31. Rhc1 Kb7 32. Rc4 Rhh8 33. Rf1 Nd7 34. Rxf7 Rhf8 35. Rxf8 Nxf8 36.
e5 Nd7 37. Bxc6+ Kb8 38. Nc3 Nxe5+ 39. Kc2 Nxc4 40. d5 Ne5 41. Ne4 Nxc6 42. dxc6 Kc7 43. Ng5 Kxc6 44. Nf7 Rf8 45. Ne5+ Kd5 46. Nxg6 Rf2+ 47.
Kc3 Bd4+ 48. Kd3 Bxb2 49. h4 Rh2 50. Ke3 Bf6 51. Kd3 Bxh4 52. Nf4+ Kc6 53. Ne2 Rxe2 54. Kxe2 a5 55. Kd3 Kb5 56. Kc2 a4 57. Kb1 Kb4 58.
Ka2 a3 59. Ka1 Kb3 60. Kb1 Be7 61. Kc1 a2 62. Kd2 a1=Q 63. Ke2 Qc3 64. Kf2 Bc5+ 65. Ke2 Bd4 66. Kf1 Qc2 67. Ke1 Be3 68. Kf1 Qf2# 0-1

[Event "*** Titled Tuesday Blitz"]
[Site "Chess.com"]
[Date "2021.02.02"]
[Round "5"]
[White "Walter_White_Poland"]
[Black "xberli"]
[Result "1/2-1/2"]
[WhiteElo "2306"]
[BlackElo "2492"]
[TimeControl "180+1"]
[EndTime "11:00:17 PST"]
[Termination "Game drawn - insufficient material"]

1. e4 e5 2. Nf3 Nc6 3. Bb5 Nf6 4. O-O Bc5 5. Nxe5 O-O 6. Bxc6 dxc6 7. d3 Re8 8. Nf3 a5 9. Be3 Bd6 10. h3 a4 11. a3 c5 12. Nc3 c6 13. Re1 Qc7 14.
Qd2 b5 15. e5 Bxe5 16. Bxc5 Bf4 17. Rxe8+ Nxe8 18. Re1 Bxh3 19. Qe2 Bd7 20. Qe7 Bd6 21. Bxd6 Qxd6 22. Ng5 Qxe7 23. Rxe7 Nf6 24. Nce4 Nxe4 25.
Nxe4 Be6 26. Nc5 Bd5 27. f4 g6 28. d4 Kf8 29. Re5 Rd8 30. c3 h5 31. Kf2 Kg7 32. g3 Kf6 33. Ke3 Be6 34. Ke4 Bf5+ 35.
Ke3 Be6 36. Nxe6 fxe6 37. Rc5 Rd6 38. Ke4 Ke7 39. Rg5 Kf7 40. Rc5 Kf6 41. Re5 Rd5 42. Rxd5 exd5+ 43. Ke3 Ke6 44. Ke2 Kd6 45. Ke3 c5 46.
dxc5+ Kxc5 47. Kd3 Kc6 48. Ke3 Kd7 49. Kd4 Kd6 50.
Ke3 Kc6 51. Kd3 Kc5 52. Kd2 Kc4 53. Kc2 d4 54. cxd4 Kxd4 55. Kd2 Ke4 56. Kc3 Kf3 57. Kb4 Kxg3 58. Kxb5 h4 59. Kxa4 h3 60. b4 h2 61.
b5 h1=Q 62. b6 Qb7 63. Kb5 Kxf4 64. a4 g5 65. a5 Qd5+ 66. Ka6 Qc4+ 67. Ka7 Qb5 68.
a6 g4 69. b7 g3 70. b8=Q+ Qxb8+ 71. Kxb8 g2 72. a7 g1=Q 73. a8=Q Qb6+ 74. Qb7 Qd8+ 75. Qc8 Qb6+ 76. Qb7 Qxb7+ 77. Kxb7 1/2-1/2

[Event "*** Titled Tuesday Blitz"]
[Site "Chess.com"]
[Date "2021.02.02"]
[Round "5"]
[White "Abdimalik_Abdisalimov"]
[Black "fish7728"]
[Result "0-1"]
[WhiteElo "2321"]
[BlackElo "2177"]
[TimeControl "180+1"]
[EndTime "11:00:17 PST"]
[Termination "fish7728 won by checkmate"]

1. d4 Nf6 2. c4 g6 3. f3 Bg7 4. e4 d6 5. Nc3 O-O 6. Nge2 a6 7.
Be3 Nc6 8. Qd2 Rb8 9. h4 b5 10. cxb5 axb5 11. Bh6 b4 12. Nd1 e5 13. d5 Nd4 14.
Nxd4 Bxh6 15. Qxh6 exd4 16. Be2 Qe7 17. Nf2 Re8 18.
Qd2 Nh5 19. O-O-O c5 20. g4 Ng3 21. Rhg1 Nxe2+ 22. Qxe2 Ra8 23. Kb1 Ba6 24. Qd2 Qa7 25.
h5 Bc4 26. b3 Bxb3 27. axb3 Qa1+ 28. Kc2 Ra2+ 29. Kd3 Rxd2+ 30. Kxd2 Qc3+ 31. Ke2 Qxb3 32. hxg6 Qe3+ 33. Kf1 fxg6 34. Rd3 Qc1+ 35. Kg2 Qc2 36. Rgd1 b3 37. R1d2 Qc4 38. Rb2 Rb8 39. g5 Qc1 40.
Rbxb3 Qxg5+ 41. Kf1 Rxb3 42. Rxb3 c4 43. Rb8+ Kg7 44.
Rb7+ Kf8 45. Rb8+ Ke7 46. Rb7+ Kd8 47. Rb6 Kc7 48. Rc6+ Kd7 49. Rxc4 Qe3 50. Rc2 d3 51. Rc1 Qxc1+ 52. Kg2 d2 53. Nd3 Qc2 54. Kg3 d1=Q 55.
Kg4 Qcxd3 56. Kg5 Q1xf3 57. Kh6 Qde3+ 58. Kxh7 Qexe4 59. Kg7 Qd4+ 60. Kh6 Qh3+ 61. Kg5 Qdg4+ 62. Kf6 Qf5+ 63. Kg7 Qe5+ 64. Kf7 Qhf5+ 65. Kg8 Qe8+ 66. Kh7 Qh5+ 67. Kg7 Qe7+ 68. Kg8 Qhh7# 0-1

[Event "*** Titled Tuesday Blitz"]
[Site "Chess.com"]
[Date "2021.02.02"]
[Round "5"]
[White "manmanlai1"]
[Black "RobertoJBM"]
[Result "1/2-1/2"]
[WhiteElo "2472"]
[BlackElo "2773"]
[TimeControl "180+1"]
[EndTime "11:00:18 PST"]
[Termination "Game drawn by repetition"]

1. d4 d5 2. c4 c6 3. Nc3 Nf6 4. e3 Bf5 5. Nf3 e6 6. Be2 h6 7.
O-O Nbd7 8. b3 Bd6 9. Bb2 O-O 10.
Rc1 Qe7 11. Re1 a5 12. Bd3 Bxd3 13. Qxd3 Bb4 14. Red1 Rfd8 15. Nd2 Rac8 16. Qe2 Ra8 17. e4 dxe4 18. Ndxe4 Nxe4 19. Nxe4 Ba3 20. Rc3 Bxb2 21. Qxb2 Nf6 22. Ng3 a4 23. b4 b5 24. cxb5 cxb5 25. Rc5 Rab8 26. h3 Qd6 27. Qe2 Nd5 28. a3 Qd7 29. Ne4 Ne7 30. Nc3 Nf5 31. Nxb5 g6 32. d5 exd5 33. Nd4 Ne7 34. Re1 Re8 35. Qc2 h5 36. b5 Rb7 37. g3 Ra8 38. h4 Qd6 39.
Qc3 Qf6 40. Nc6 Qxc3 41. Rxc3 Nxc6 42. bxc6 Rc7 43. Rd1 Rac8 44. Rdc1 Kf8 45. Kf1 Ke7 46. Ke2 Kd6 47. Kd3 Rxc6 48. Rxc6+ Rxc6 49. Rb1 Kc5 50. Rb4 Rb6 51. Rxa4 Rb3+ 52. Ke2 d4 53. Ra7 Rb2+ 54. Ke1 d3 55. Rxf7 Ra2 56. Rf6 Kd4 57. Rxg6 Ra1+ 58.
Kd2 Ra2+ 59. Ke1 Rxa3 60. Rd6+ Ke5 61. Rd8 Ke4 62. Re8+ Kd4 63. Rd8+ Kc3 64. Rc8+ Kd4 65. Rd8+ Ke4 66. Rf8 Ra1+ 67. Kd2 Ra2+ 68. Kd1 Kd4 69. Rd8+ Kc3 70. Rc8+ Kd4 71. Rd8+ Kc3 72. Rc8+ Kd4 73.
Rd8+ 1/2-1/2

[Event "*** Titled Tuesday Blitz"]
[Site "Chess.com"]
[Date "2021.02.02"]
[Round "5"]
[White "ParvizGasimov"]
[Black "MaevskiyNikolay"]
[Result "1-0"]
[WhiteElo "2423"]
[BlackElo "2568"]
[TimeControl "180+1"]
[EndTime "11:00:19 PST"]
[Termination "ParvizGasimov won by checkmate"]

1. e4 c6 2. d4 d5 3. e5 Bf5 4. Nf3 e6 5. Be2 Nd7 6. O-O Bg6 7. Nbd2 Nh6 8. Nb3 Nf5 9. Bd2 Rc8 10. c4 dxc4 11. Na5 Qc7 12. Nxc4 Be7 13. g4 Nh4 14. Nxh4 Bxh4 15. Nd6+ Kf8 16. Nxc8 Qxc8 17. f4 Nb6 18. Bd3 Bxd3 19. Bb4+ Kg8 20. Qxd3 Nd5 21. Bd6 Bd8 22. f5 h5 23. fxe6 Qxe6 24. Qf5 Bb6 25. Bc5 Bxc5 26. dxc5 hxg4 27. Qxe6 fxe6 28. Rae1 Rh3 29.
Re4 g3 30. hxg3 Rxg3+ 31. Kh2 Rg5 32. Rg1 Rh5+ 33. Kg2 g5 34. Kf1 Kg7 35. Kg2 Kg6 36. Rh1 Rxh1 37. Kxh1 Kf5 38. Ra4 a6 39. Ra3 Kxe5 40.
Rb3 Kd4 41. Rxb7 Kxc5 42. Ra7 e5 43. Rxa6 e4 44. Kg2 Nf4+ 45. Kg3 Nd3 46. b3 Kd5 47. Ra5+ c5 48. a4 Kd4 49. Ra8 Kc3 50. a5 e3 51. Re8 Kd4 52. a6 Nf4 53. a7 e2 54.
a8=Q Nd3 55. Qd8+ Kc3 56. Rxe2 Nb4 57. Re3+ Kb2 58. Qd6 Nc2 59. Re2 Kxb3 60. Qxc5 Na3 61. Re3+ Kb2 62. Qxa3+ Kb1 63. Rc3 g4 64. Rc1# 1-0

[Event "*** Titled Tuesday Blitz"]
[Site "Chess.com"]
[Date "2021.02.02"]
[Round "5"]
[White "Shahaliyev"]
[Black "chessablanca"]
[Result "1-0"]
[WhiteElo "2740"]
[BlackElo "2506"]
[TimeControl "180+1"]
[EndTime "11:00:21 PST"]
[Termination "Shahaliyev won by resignation"]

1. e4 e5 2. Nf3 Nc6 3. Bb5 a6 4. Ba4 Nf6 5. d3 b5 6. Bb3 Be7 7. O-O O-O 8. a3 d6 9. h3 Na5 10. Ba2 c5 11. Nc3 Nc6 12. Nd5 Be6 13. Nxf6+ Bxf6 14. Be3 Qd7 15. c3 Bxa2 16. Rxa2 Be7 17. b4 Qe6 18.
Re2 f5 19. exf5 Qxf5 20. d4 cxd4 21. cxd4 e4 22. Qb3+ Kh8 23. Nd2 d5 24. Nb1 Bd6 25.
Nc3 Ne7 26. a4 bxa4 27. Nxa4 Rf6 28. f4 h5 29. Nc5 g5 30. Ref2 g4 31. hxg4 Qxg4 32.
Qd1 Rg8 33. Qxg4 hxg4 34. g3 Nf5 35. Rh2+ Kg7 36. Re1 Bxc5 37. bxc5 Kf7 38. Rb2 Nxg3 39. Rb7+ Kg6 40. Kf2 Nh5 41. Rg1 Kf5 42. Rd7 Ke6 43. Rd6+ Ke7 44. Rxd5 Nxf4 45. Re5+ Ne6+ 46. Ke2 g3 47. d5 Kd7 48. Rxe6 Rxe6 49. dxe6+ Kxe6 50. Ra1 g2 51. Rxa6+ Kd5 52. Ra1 Kc6 53. Rg1 Kd5 54. Kf2 Rf8+ 55. Kxg2 Rg8+ 56. Kf2 Rf8+ 57. Ke2 Ra8 58.
Rd1+ Kc4 59. Rd4+ Kc3 60. Rxe4 Ra2+ 61. Kf3 Ra6 62. Rf4 Kd3 63. Rf5 Kc4 64. Ke4 Re6+ 65. Re5 Rc6 66. Kf5 Kb5 67. Re6 Rc8 68. Rb6+ Kc4 69.
Ke5 Re8+ 70. Re6 Rc8 71. c6 Kb5 72. Kd5 Rd8+ 73. Rd6 Rc8 74. Bd4 Rg8 75. c7 Rc8 76. Rd7 Ka6 77. Kc6 Ra8 78. Rd8 1-0

[Event "*** Titled Tuesday Blitz"]
[Site "Chess.com"]
[Date "2021.02.02"]
[Round "5"]
[White "Bulldog167"]
[Black "DamianoLew95"]
[Result "0-1"]
[WhiteElo "2792"]
[BlackElo "2594"]
[TimeControl "180+1"]
[EndTime "11:00:22 PST"]
[Termination "DamianoLew95 won on time"]

1. d4 d5 2. c4 e6 3. Nf3 Nf6 4. g3 c6 5. Bg2 Be7 6. O-O O-O 7. Qc2 Ne4 8. Nbd2 Nxd2 9. Bxd2 Nd7 10. e4 dxe4 11. Qxe4 c5 12. Bc3 cxd4 13. Nxd4 Bf6 14.
Rfd1 a6 15. b4 Qc7 16. c5 Nb8 17. Rac1 Rd8 18. h4 h6 19. h5 Rd5 20. Qe2 Rd8 21. Be4 Bd7 22. Bb1 Nc6 23. Qe4 Nxd4 24. Qh7+ Kf8 25. Bxd4 Bc6 26. Bxf6 gxf6 27. Qxh6+ Ke7 28. Qe3 Rh8 29. h6 Qe5 30. Qxe5 fxe5 31. Re1 f5 32. f4 Rxh6 33. Kf2 Rh2+ 34. Ke3 Rg8 35. Rg1 Rg4 36. a3 exf4+ 37. gxf4 Rh3+ 38. Kd4 Rxf4+ 39. Ke5 Rg4 40. Rxg4 fxg4 41. Kf4 Rxa3 42. Kxg4 Ra4 43. Kf4 Rxb4+ 44.
Ke5 a5 45. Rg1 a4 46. Ba2 Kd8 47. Bxe6 Re4+ 48. Kf5 Kc7 49. Rg8 b6 50. Rc8+ Kb7 51.
Rd8 bxc5 52. Bc8+ Kb6 53. Rh8 Rd4 54. Be6 Rd3 55. Rb8+ Kc7 56. Rb1 Rf3+ 57. Ke5 Ra3 58. Rg1 Re3+ 59. Kf6 Ra3 60. Rg7+ Kb6 61. Ke5 Re3+ 62.
Kd6 Rd3+ 63. Ke5 a3 64. Rg8 Re3+ 65. Kd6 Rxe6+ 66. Kxe6 a2 67. Rg1 Be4 68. Rb1+ axb1=Q 0-1

[Event "*** Titled Tuesday Blitz"]
[Site "Chess.com"]
[Date "2021.02.02"]
[Round "5"]
[White "ElCoachRene"]
[Black "hleol"]
[Result "0-1"]
[WhiteElo "2210"]
[BlackElo "2407"]
[TimeControl "180+1"]
[EndTime "11:00:22 PST"]
[Termination "hleol won on time"]

1. d4 d5 2. Bf4 Nf6 3. e3 e6 4.
Bd3 Bd6 5. Bg3 O-O 6. Nd2 c5 7. c3 Qc7 8. Ngf3 Nbd7 9. e4 e5 10.
dxe5 Nxe5 11. Nxe5 Bxe5 12. Bxe5 Qxe5 13. O-O dxe4 14.
Re1 Bf5 15. Qe2 Rfe8 16. Bb5 Red8 17. Nc4 Qc7 18. Ne3 Bg6 19. Qc2 a6 20. Be2 Nd5 21. Nf1 Nf4 22. a4 e3 23. Qb3 exf2+ 24. Kxf2 Nxe2 25.
Rxe2 c4 26. Qb4 Qf4+ 27. Kg1 h5 28. Rae1 h4 29. Rf2 Qg5 30. Qxc4 h3 31. Ng3 Rac8 32. Qf4 Qxf4 33. Rxf4 hxg2 34. Kxg2 Rd2+ 35. Rf2 Rcd8 36. Ree2 Rd1 37. Re7 Ra1 38. Rxb7 Rxa4 39. h3 Rd1 40. Nf5 Re4 41. Ne7+ Kh7 42. Nxg6 fxg6 43. Rff7 Re2+ 44. Kf3 Rh2 45. Rxg7+ Kh6 46. Rh7+ Kg5 47. h4+ Rxh4 48. Rxh4 Kxh4 49. Rb6 Rd2 50. Rxg6 Rxb2 51. Kf4 Rf2+ 52. Ke3 Rc2 53. Kd3 Ra2 54. Rb6 Kh5 55. Kc4 Kg5 56. Kb3 Ra1 57. Kb4 Kf5 58. c4 Ke5 59. Rh6 Rb1+ 60.
Kc5 a5 61. Ra6 Ra1 62. Kb5 Kd4 63. Rd6+ Ke5 64. Rd5+ Ke6 65. Rc5 a4 66. Rc6+ Kd7 67. Ra6 a3 68. c5 Kc7 69. Ra7+ Kb8 70. Ra4 Rb1+ 71. Kc6 Rb3 0-1

[Event "*** Titled Tuesday Blitz"]
[Site "Chess.com"]
[Date "2021.02.02"]
[Round "5"]
[White "Nikolakis2014"]
[Black "EvgenyT"]
[Result "0-1"]
[WhiteElo "2641"]
[BlackElo "2977"]
[TimeControl "180+1"]
[EndTime "11:00:23 PST"]
[Termination "EvgenyT won by resignation"]

1. Nf3 d5 2. d4 Nf6 3. c4 c6 4. Nc3 a6 5. c5 g6 6. Bf4 Bg7 7. e3 O-O 8. h3 Bf5 9. Bd3 Bxd3 10. Qxd3 Nbd7 11. O-O Re8 12. b4 Nh5 13. Be5 Bxe5 14.
Nxe5 Nxe5 15. dxe5 f6 16. exf6 e5 17. e4 Nxf6 18.
exd5 cxd5 19. Rfe1 Qd7 20. Rad1 Rad8 21. a4 Kg7 22. b5 axb5 23. axb5 Qc7 24. Na4 d4 25. Qc4 Nd5 26. c6 bxc6 27. bxc6 Rd6 28. Rxd4 Rxc6 29. Qxd5 exd4 30. Qxd4+ Kf7 31. Qd5+ Kg7 32. Qd4+ Kf7 33.
Qd5+ Kf8 34. Rxe8+ Kxe8 35. Qg8+ Kd7 36. Qxh7+ Kc8 37. Qg8+ Kb7 38. Qb3+ Ka6 39. Qd3+ Ka5 40. Nb2 Rc1+ 41. Nd1 Kb4 42. g3 Qc4 43. Qd2+ Ka3 44.
Qb2+ Ka4 45. Qd2 Rb1 46. Kh2 Ka3 47. Ne3 Qb5 48. Qc3+ Ka2 49. h4 Rb2 50. Kg2 Qb7+ 51. Kh3 Qh1+ 52. Kg4 Qe4+ 53. Kg5 Rb5+ 54. Kf6 Rb6+ 55.
Kg5 Qe7+ 56. Kg4 Qe4+ 57. Kh3 Qe6+ 58. Kh2 Rb3 59. Qa5+ Kb1 60. Qe1+ Ka2 61. Qd2+ Rb2 62. Qa5+ Kb1 63. Qe1+ Ka2 64. Qd1 Rxf2+ 65. Kg1 Qxe3 66.
Qa4+ Kb1 67. Qb5+ Rb2+ 0-1

[Event "*** Titled Tuesday Blitz"]
[Site "Chess.com"]
[Date "2021.02.02"]
[Round "5"]
[White "manipun1"]
[Black "Susal_De_Silva"]
[Result "0-1"]
[WhiteElo "2261"]
[BlackElo "2598"]
[TimeControl "180+1"]
[EndTime "11:00:23 PST"]
[Termination "Susal_De_Silva won on time"]

1. e4 e5 2. Nf3 Nc6 3. Bc4 Nf6 4. d3 Bc5 5. c3 O-O 6. b4 Bb6 7. Nbd2 d5 8. Bb3 d4 9. b5 dxc3 10. bxc6 cxd2+ 11. Qxd2 bxc6 12. Bb2 Nd7 13. Nxe5 Nxe5 14. Bxe5 Ba6 15. O-O Bxd3 16. Rfe1 Re8 17. Qf4 Qe7 18. Rad1 Ba6 19. Bb2 Rad8 20. e5 c5 21. h3 Bc8 22. Bc4 Be6 23. a4 a5 24.
Bc3 h6 25. Qe4 Rd7 26. Rxd7 Bxd7 27. Bb3 Be6 28. Bc4 Rd8 29. f4 Qd7 30. f5 Bxf5 31. Qf4 Be6 32. Kh1 Qe7 33. Rf1 Qg5 34. Bxe6 Qxf4 35. Rxf4 fxe6 36. Rc4 Rd1+ 37. Kh2 Rc1 38. Kg3 g5 39. Kf3 Kh7 40. Ke3 Kg6 41. Kd2 Rg1 42. g4 Rg3 43. Re4 Rxh3 44. Re2 Rg3 45. Rf2 Rxg4 46. Rf6+ Kh5 47. Rxe6 Rf4 48. Re8 c4 49. e6 Bc5 50. Rc8 Bd6 51. Re8 Kg4 52. Ke3 Rf3+ 53.
Kd4 Rf4+ 54. Ke3 Bc5+ 55. Ke2 h5 56. Bxa5 h4 57. Bxc7 Re4+ 58. Kf1 c3 59. Ba5 c2 60. Bd2 h3 61. a5 Be3 62. Bxe3 Rxe3 63. Rc8 h2 64. Kg2 Re2+ 65. Kh1 Re1+ 66. Kxh2 c1=Q 67. e7 Qxc8 0-1